 Dungeon Crawl Stone Soup version 0.30-a0-373-gd37427bb62 (webtiles) character file.

Game seed: 17830962993939474662

37 sanka the Shooter (level 3, -3/27 HPs)
             Began as a Demigod Hexslinger on Nov 23, 2022.
             Slain by a gnoll
             ... wielding a +0 flail
              (9 damage)
             ... on level 2 of the Dungeon.
             The game lasted 00:01:47 (1684 turns).

sanka the Shooter (Demigod Hexslinger)              Turns: 1684, Time: 00:01:47

Health: -3/27      AC:  2    Str: 11    XL:     3   Next: 8%
Magic:  0/6        EV: 12    Int: 15    God:
Gold:   72         SH:  0    Dex: 18    Spells: 3/4 levels left

rFire   . . .      SeeInvis .    a - +1 sling
rCold   . . .      Faith    .    (no shield)
rNeg    . . .      Spirit   +    c - +0 robe
rPois   .          Reflect  .    (no helmet)
rElec   .          Harm     .    (no cloak)
rCorr   .          Rampage  .    (no gloves)
Will    .....                    (no boots)
Stlth   ++........               m - amulet of guardian spirit
HPRegen 0.24/turn                (no ring)
MPRegen 0.10/turn                (no ring)

@: no status effects
A: high MP 1, forlorn, divine attributes
a: no special abilities


You were on level 2 of the Dungeon.
You visited 1 branch of the dungeon, and saw 2 of its levels.

You collected 72 gold pieces.


Innate Abilities, Weirdness & Mutations

You have an increased reservoir of magic. (+10% MP)
You shall have no god before yourself.
Your divine heritage dramatically boosts your attributes as you level up.


   Skills:
 - Level 0.8 Fighting
 + Level 3.4 Ranged Weapons
 - Level 1.7 Dodging
 - Level 1.0 Spellcasting
 - Level 2.6 Hexes


You had 3 spell levels left.
You knew the following spells:

 Your Spells              Type           Power      Damage    Failure   Level
z - Slow                  Hex            32%        N/A       9%          1

Your spell library contained the following spells:

 Spells                   Type           Power      Damage    Failure   Level
 Inner Flame              Hex/Fire       4%         N/A       38%         3
 Portal Projectile        Hex/Tloc       8%         N/A       38%         3
 Cause Fear               Hex            4%         N/A       63%         4

Inventory:

Hand Weapons
 a - a +1 sling (weapon)
Missiles
 f - a throwing net {=f}
Armour
 c - a +0 robe (worn)
 e - a +0 pair of gloves
Jewellery
 m - an amulet of guardian spirit (around neck)
 p - an amulet of the acrobat
Scrolls
 b - a scroll of poison {!r}
 g - a scroll of amnesia {unknown}
 j - 2 scrolls of identify {unknown}
 k - 2 scrolls of enchant armour {unknown}
 l - 3 scrolls of teleportation {unknown}
 o - a scroll of enchant weapon {unknown}
Potions
 d - a potion of heal wounds {unknown}
 h - 2 potions of curing {unknown}
 i - a potion of mutation {unknown}
 n - a potion of resistance {unknown}

Dungeon Overview and Level Annotations

Branches:
Dungeon (2/15)

Shops:
D:1

*
▒▒▒▒▒'▒▒▒▒..▒...▒.▒▒'▒'
▒▒▒▒'▒▒ ▒..▒...▒.▒▒.▒.
▒.....▒ ▒..▒...▒.▒▒.▒.
▒.....▒ ▒..'...+....▒.
▒.....▒ ▒.▒▒...▒.▒▒▒▒.
▒▒....▒ ▒.............
▒....▒ ▒▒▒▒▒▒▒▒.▒▒▒▒▒
▒....▒ ▒.▒ ▒...p▒ ▒.▒
▒▒.g.....▒ ▒.▒
▒.......▒ ▒.▒
.'.......▒ ▒.▒▒▒
..▒.......▒ ▒...▒
....▒.......▒ ▒...▒
▒........▒.......▒
▒...▒
▒........▒.......▒
▒▒▒.÷.▒ ........▒
▒▒▒.g...▒


You could see a gnoll.


Message History

The gnoll is lightly wounded.
You shoot a sling bullet.
The sling bullet barely misses the gnoll.
You shoot a sling bullet. The sling bullet hits the gnoll.
The gnoll is moderately wounded.
The gnoll misses you. The gnoll hits you with a +0 flail!
You shoot a sling bullet.
The sling bullet barely misses the gnoll.
The gnoll barely misses you.
You shoot a sling bullet.
The sling bullet hits the gnoll but does no damage.
The gnoll is moderately wounded.
The gnoll hits you with a +0 flail!
* * * LOW HITPOINT WARNING * * *
You shoot a sling bullet. The sling bullet hits the gnoll.
The gnoll is moderately wounded.
The gnoll hits you with a +0 flail!
* * * LOW HITPOINT WARNING * * *
You shoot a sling bullet. The sling bullet hits the gnoll.
The gnoll is severely wounded.
The gnoll closely misses you. The gnoll barely misses you.
You shoot a sling bullet.
The sling bullet barely misses the gnoll.
The gnoll hits you with a +0 flail!
You die...

Action                   || total
-------------------------++-------
 Fire: Sling             ||    82
Armor: Robe              ||     6
Dodge: Dodged            ||    13

Levels and vault maps discovered:
D:1:      dpeg_arrival_chambers_temple_mockup, layout_basic, serial_shops,
          nicolae_shop_behind_doors
D:2:      layout_basic

Notes
Turn   | Place    | Note
-------+----------+-------------------------------------------
     0 | D:1      | sanka the Demigod Hexslinger began the quest for the Orb.
     0 | D:1      | Reached XP level 1. HP: 15/15 MP: 4/4
    26 | D:1      | Reached skill level 2 in Ranged Weapons
   371 | D:1      | Reached XP level 2. HP: 22/22 MP: 5/5
   993 | D:1      | Found Sunimn's General Store.
  1104 | D:2      | Reached skill level 3 in Ranged Weapons
  1492 | D:1      | Reached XP level 3. HP: 8/27 MP: 2/6
  1684 | D:2      | Slain by a gnoll

Vanquished Creatures
  A gnoll (D:1)
  2 ball pythons (D:1)
  3 endoplasms
  A giant cockroach (D:1)
  4 goblins
  3 hobgoblins (D:1)
  3 bats
  2 frilled lizards (D:1)
  2 kobolds (D:1)
  5 rats
26 creatures vanquished.
